PL
AUSTIN RANGERS @ WIZARDING EXPRESS
09/13/2028
 
TOP OF THE 1ST
Austin Rangers batting - Pitching for Wizarding Express : LHP Dan Mitchell
Pitching: LHP Dan Mitchell
Batting: RHB Miguel Morán 0-0: Called Strike
0-1: Swinging Strike
0-2: Ball
1-2: Fly out, F8 (Flyball, 8RD)
Batting: RHB Matt Sheppard 0-0: Ball
1-0: Foul Ball, location: 2F
1-1: Fly out, F4 (Line Drive, 34D)
Batting: LHB Count Dante 0-0: Ball
1-0: Swinging Strike
1-1: Fly out, F5 (Line Drive, 56)
Top of the 1st over - 0 run(s), 0 hit(s), 0 error(s), 0 left on base; Austin 0 - Wizarding 0
BOTTOM OF THE 1ST
Wizarding Express batting - Pitching for Austin Rangers : RHP Shawn Williams
Pitching: RHP Shawn Williams
Batting: LHB David Breitling 0-0: Called Strike
0-1: Ball
1-1: Fly out, F4 (Popup, 34D)
Batting: RHB Chi-ju Zhang 0-0: Ball
1-0: Ball
2-0: Foul Ball, location: 2F
2-1: Foul Ball, location: 2F
2-2: Ball
3-2: Ground out 6-3 (Groundball, 6)
Batting: LHB Nathan Tanner 0-0: Ball
1-0: Swinging Strike
1-1: Ground out 6-3 (Groundball, 6)
Bottom of the 1st over - 0 run(s), 0 hit(s), 0 error(s), 0 left on base; Austin 0 - Wizarding 0
TOP OF THE 2ND
Austin Rangers batting - Pitching for Wizarding Express : LHP Dan Mitchell
Batting: LHB Yun Yen 0-0: Ball
1-0: Called Strike
1-1: Swinging Strike
1-2: Ball
2-2: Strikes out looking
Batting: RHB Yoshihito Samurakami 0-0: Ball
1-0: Called Strike
1-1: Foul Ball, location: 2F
1-2: Strikes out looking
Batting: LHB Jesús Reyes 0-0: Ball
1-0: Called Strike
1-1: Swinging Strike
1-2: Ball
2-2: Fly out, F9 (Flyball, 9LM)
Top of the 2nd over - 0 run(s), 0 hit(s), 0 error(s), 0 left on base; Austin 0 - Wizarding 0
BOTTOM OF THE 2ND
Wizarding Express batting - Pitching for Austin Rangers : RHP Shawn Williams
Batting: RHB António Martínez 0-0: Ball
1-0: Ball
2-0: Ball
3-0: Called Strike
3-1: Foul Ball, location: 2F
3-2: Base on Balls
Batting: SHB Fernando Sánchez 0-0: Called Strike
0-1: Ball
1-1: Foul Ball, location: 2F
1-2: Foul Ball, location: 2F
1-2: Strikes out looking
Batting: LHB José Corona 0-0: Ground out U3 (Groundball, 3S)
António Martínez to second
Batting: RHB Frank Grimes 0-0: Ball
1-0: Swinging Strike
1-1: Called Strike
1-2: Ball
2-2: Ball
3-2: Fly out, F8 (Flyball, 8RS)
Bottom of the 2nd over - 0 run(s), 0 hit(s), 0 error(s), 1 left on base; Austin 0 - Wizarding 0
TOP OF THE 3RD
Austin Rangers batting - Pitching for Wizarding Express : LHP Dan Mitchell
Batting: RHB Tony Hernández 0-0: Fly out, F8 (Flyball, 89M)
Batting: LHB Héctor Cortéz 0-0: Ball
1-0: Ball
2-0: SINGLE (Groundball, 4MD)
Batting: RHB Freddy Torres 0-0: Called Strike
0-1: Fly out, F6 (Popup, 6D)
Batting: RHB Miguel Morán 0-0: Called Strike
0-1: Called Strike
0-2: Ball
1-2: Ball
2-2: Strikes out swinging
Top of the 3rd over - 0 run(s), 1 hit(s), 0 error(s), 1 left on base; Austin 0 - Wizarding 0
BOTTOM OF THE 3RD
Wizarding Express batting - Pitching for Austin Rangers : RHP Shawn Williams
Batting: RHB Ed Whitaker 0-0: Ball
1-0: Ball
2-0: Foul Ball, location: 2F
2-1: Swinging Strike
2-2: Strikes out swinging
Batting: LHB António Boccanegra 0-0: Ball
1-0: Called Strike
1-1: Foul Ball, location: 2F
1-2: Ground out 3-1 (Groundball, 34)
Batting: LHB David Breitling 0-0: Called Strike
0-1: Foul Ball, location: 2F
0-2: Foul Ball, location: 2F
0-2: Ball
1-2: SINGLE (Groundball, 3L) (infield hit)
Batting: RHB Chi-ju Zhang 0-0: Called Strike
David Breitling steals 2nd base
0-1: Ground out 5-3 (Groundball, 5S)
Bottom of the 3rd over - 0 run(s), 1 hit(s), 0 error(s), 1 left on base; Austin 0 - Wizarding 0
TOP OF THE 4TH
Austin Rangers batting - Pitching for Wizarding Express : LHP Dan Mitchell
Batting: RHB Matt Sheppard 0-0: Ground out 5-3 (Groundball, 56S)
Batting: LHB Count Dante 0-0: Called Strike
0-1: Swinging Strike
0-2: Foul Ball, location: 2F
0-2: Ball
1-2: Ground out 4-3 (Groundball, 4)
Batting: LHB Yun Yen 0-0: Ball
1-0: Called Strike
1-1: Fly out, F6 (Popup, 56D)
Top of the 4th over - 0 run(s), 0 hit(s), 0 error(s), 0 left on base; Austin 0 - Wizarding 0
BOTTOM OF THE 4TH
Wizarding Express batting - Pitching for Austin Rangers : RHP Shawn Williams
Batting: LHB Nathan Tanner 0-0: Ball
1-0: SINGLE (Line Drive, 89S)
Batting: RHB António Martínez 0-0: Ball
1-0: Fielders Choice at 2nd, 6-4 (Groundball, 6)
Batting: SHB Fernando Sánchez 0-0: Called Strike
0-1: Ball
1-1: Called Strike
1-2: Strikes out swinging
Batting: LHB José Corona 0-0: Ball
1-0: Called Strike
1-1: Ball
2-1: Called Strike
2-2: Foul Ball, location: 2F
2-2: Ball
António Martínez steals 2nd base
3-2: Foul Ball, location: 2F
3-2: SINGLE (Line Drive, 4D)
António Martínez to third
António Martínez scores
Batting: RHB Frank Grimes 0-0: Ball
1-0: Called Strike
1-1: Fly out, F4 (Line Drive, 4)
Bottom of the 4th over - 1 run(s), 2 hit(s), 0 error(s), 1 left on base; Austin 0 - Wizarding 1
TOP OF THE 5TH
Austin Rangers batting - Pitching for Wizarding Express : LHP Dan Mitchell
Batting: RHB Yoshihito Samurakami 0-0: Ball
1-0: DOUBLE (Line Drive, 3D)
Batting: LHB Jesús Reyes 0-0: Ball
1-0: Foul Ball, location: 2F
1-1: Foul Ball, location: 2F
1-2: Ball
2-2: Strikes out looking
Batting: RHB Tony Hernández 0-0: Ball
1-0: Fly out, F9 (Flyball, 89M)
Batting: LHB Héctor Cortéz 0-0: Fly out, F7 (Flyball, 7LM)
Top of the 5th over - 0 run(s), 1 hit(s), 0 error(s), 1 left on base; Austin 0 - Wizarding 1
BOTTOM OF THE 5TH
Wizarding Express batting - Pitching for Austin Rangers : RHP Shawn Williams
Batting: RHB Ed Whitaker 0-0: Ball
1-0: Swinging Strike
1-1: Ball
2-1: Called Strike
2-2: Foul Ball, location: 2F
2-2: Foul Ball, location: 2F
2-2: Strikes out swinging
Batting: LHB António Boccanegra 0-0: Called Strike
0-1: Swinging Strike
0-2: Ball
1-2: Fly out, F6 (Line Drive, 6M)
Batting: LHB David Breitling 0-0: Ball
1-0: Ball
2-0: Ball
3-0: Base on Balls
Batting: RHB Chi-ju Zhang 0-0: Called Strike
David Breitling steals 2nd base
0-1: Ball
1-1: SINGLE (Line Drive, 8LS)
David Breitling to third
Batting: LHB Nathan Tanner 0-0: Called Strike
0-1: Ball
1-1: Ball
2-1: Ball
3-1: Base on Balls
Chi-ju Zhang to second
Batting: RHB António Martínez 0-0: Called Strike
0-1: Ball
1-1: Ball
2-1: Ball
3-1: Called Strike
3-2: Base on Balls
David Breitling scores
Chi-ju Zhang to third
Nathan Tanner to second
Batting: SHB Fernando Sánchez 0-0: Swinging Strike
0-1: Fielders Choice at 2nd, 4-6 (Groundball, 4)
Bottom of the 5th over - 1 run(s), 1 hit(s), 0 error(s), 2 left on base; Austin 0 - Wizarding 2
TOP OF THE 6TH
Austin Rangers batting - Pitching for Wizarding Express : LHP Dan Mitchell
Batting: RHB Freddy Torres 0-0: Ball
1-0: Called Strike
1-1: Ground out 4-3 (Groundball, 4)
Batting: RHB Miguel Morán 0-0: Ball
1-0: Fly out, F8 (Flyball, 8LD)
Batting: RHB Matt Sheppard 0-0: Foul Ball, location: 2F
0-1: SINGLE (Groundball, 56D)
Batting: LHB Count Dante 0-0: Called Strike
0-1: Ball
1-1: SINGLE (Line Drive, 7S)
Matt Sheppard to second
Batting: LHB Yun Yen 0-0: Foul Ball, location: 2F
0-1: Ball
1-1: Called Strike
1-2: Foul Ball, location: 2F
1-2: Foul Ball, location: 2F
1-2: SINGLE (Line Drive, 8RS)
Matt Sheppard to third
Count Dante to second
Runner from 3rd tries for Home, SAFE, throw made at trailing runner, SAFE at third!
Batting: RHB Yoshihito Samurakami 0-0: Ball
1-0: Ball
2-0: Called Strike
2-1: Foul Ball, location: 2F
2-2: Strikes out swinging, 2-3 out at first.
Top of the 6th over - 1 run(s), 3 hit(s), 0 error(s), 2 left on base; Austin 1 - Wizarding 2
BOTTOM OF THE 6TH
Wizarding Express batting - Pitching for Austin Rangers : RHP Shawn Williams
Batting: LHB José Corona 0-0: Foul Ball, location: 2F
0-1: Ball
1-1: Ball
2-1: Ball
3-1: Called Strike
3-2: Base on Balls
Batting: RHB Frank Grimes 0-0: Ball
Throwing error on steal attempt, E2
José Corona to third
1-0: Intentional Walk
Batting: RHB Ed Whitaker 0-0: Ball
1-0: Foul Ball, location: 2F
1-1: Foul Ball, location: 2F
1-2: Ball
2-2: Ground out 5-3 (Groundball, 56)
Frank Grimes to second
Pitching: LHP Alfonso Zapata
Batting: LHB António Boccanegra 0-0: Called Strike
0-1: Ball
1-1: Foul Ball, location: 2F
1-2: Fly out, F4 (Popup, 34D)
Batting: LHB David Breitling 0-0: Ball
1-0: Called Strike
1-1: Called Strike
1-2: Strikes out swinging
Bottom of the 6th over - 0 run(s), 0 hit(s), 1 error(s), 2 left on base; Austin 1 - Wizarding 2
TOP OF THE 7TH
Austin Rangers batting - Pitching for Wizarding Express : LHP Dan Mitchell
Batting: LHB Jesús Reyes 0-0: Ball
1-0: Ball
2-0: Fly out, F8 (Flyball, 8RM)
Batting: RHB Tony Hernández 0-0: Ball
1-0: Ball
2-0: Fly out, F9 (Line Drive, 9S)
Batting: LHB Héctor Cortéz 0-0: Ball
1-0: Ground out 4-3 (Groundball, 4D)
Top of the 7th over - 0 run(s), 0 hit(s), 0 error(s), 0 left on base; Austin 1 - Wizarding 2
BOTTOM OF THE 7TH
Wizarding Express batting - Pitching for Austin Rangers : LHP Alfonso Zapata
Batting: RHB Chi-ju Zhang 0-0: Fly out, F5 (Popup, 56)
Batting: LHB Nathan Tanner 0-0: Ball
1-0: Ball
2-0: Called Strike
2-1: Ball
3-1: Called Strike
3-2: Strikes out swinging
Batting: RHB António Martínez 0-0: Ball
1-0: SINGLE (Groundball, 6MD)
Batting: SHB Fernando Sánchez 0-0: Called Strike
0-1: Ball
1-1: Called Strike
1-2: Ball
2-2: Foul Ball, location: 2F
2-2: Foul Ball, location: 2F
2-2: Strikes out swinging
Bottom of the 7th over - 0 run(s), 1 hit(s), 0 error(s), 1 left on base; Austin 1 - Wizarding 2
TOP OF THE 8TH
Austin Rangers batting - Pitching for Wizarding Express : LHP Dan Mitchell
Batting: RHB Freddy Torres 0-0: Called Strike
0-1: Fly out, F6 (Popup, 56D)
Batting: RHB Miguel Morán 0-0: Fly out, F9 (Flyball, 9LS)
Batting: RHB Matt Sheppard 0-0: Foul Ball, location: 2F
0-1: Fly out, F4 (Line Drive, 4)
Top of the 8th over - 0 run(s), 0 hit(s), 0 error(s), 0 left on base; Austin 1 - Wizarding 2
BOTTOM OF THE 8TH
Wizarding Express batting - Pitching for Austin Rangers : LHP Alfonso Zapata
Batting: LHB José Corona 0-0: Foul Ball, location: 2F
0-1: SINGLE (Line Drive, 7S)
Batting: RHB Frank Grimes 0-0: Called Strike
0-1: Ball
1-1: Ball
2-1: Sac Bunt - play at first, batter OUT! 2-4
José Corona to second
Batting: RHB Ed Whitaker 0-0: Intentional Walk
Batting: LHB António Boccanegra 0-0: Called Strike
José Corona steals 3rd base
Ed Whitaker to second
0-1: SINGLE (Line Drive, 4MD)
José Corona scores
Ed Whitaker to third
Runner from 3rd tries for Home, SAFE, throw made home
Pitching: RHP Gavin Blackburn
Batting: LHB David Breitling 0-0: Called Strike
0-1: Swinging Strike
0-2: Ball
1-2: Foul Ball, location: 2F
1-2: Ball
2-2: Strikes out swinging
Batting: RHB Chi-ju Zhang 0-0: Foul Ball, location: 2F
0-1: Called Strike
0-2: Ball
1-2: Strikes out looking
Bottom of the 8th over - 2 run(s), 2 hit(s), 0 error(s), 1 left on base; Austin 1 - Wizarding 4
TOP OF THE 9TH
Austin Rangers batting - Pitching for Wizarding Express : LHP Dan Mitchell
Batting: LHB Count Dante 0-0: Fly out, F8 (Flyball, 8RM)
Batting: LHB Yun Yen 0-0: Ball
1-0: Fly out, F8 (Flyball, 8RXD)
Batting: RHB Yoshihito Samurakami 0-0: Called Strike
0-1: Foul Ball, location: 2F
0-2: Foul Ball, location: 2F
0-2: Ball
1-2: Fly out, F7 (Flyball, 78D)
Top of the 9th over - 0 run(s), 0 hit(s), 0 error(s), 0 left on base; Austin 1 - Wizarding 4
Tuesday, September 5th, 2017 - OOTP Baseball 17.12 Build 75